 Dungeon Crawl Stone Soup version 0.29-a0-1047-g7c58e119a4 (webtiles) character file.

Game seed: 9067072026542297056

68 ytrimaz the Insei (level 4, -5/31 (32) HPs)
             Began as a Demonspawn Transmuter on Aug 17, 2022.
             Was a Priest of Ru.
             Slain by an ogre
             ... wielding a +0 giant club
              (14 damage)
             ... on level 2 of the Dungeon.
             The game lasted 00:03:27 (2121 turns).

ytrimaz the Insei (Demonspawn Transmuter)           Turns: 2121, Time: 00:03:28

HP:   -5/31 (32)    AC:  2    Str: 10    XL:     4   Next: 1%
MP:   4/7           EV: 12    Int: 16    God:    Ru [***...]
Gold: 153           SH:  0    Dex: 14    Spells: 1/7 levels left

rFire   . . .      SeeInvis .     - Unarmed
rCold   . . .      Faith    .   (shield unavailable)
rNeg    . . .      Spirit   .   a - +0 robe
rPois   .          Reflect  .   (helmet restricted)
rElec   .          Harm     .   (no cloak)
rCorr   .          Rampage  .   (no gloves)
Will    .....                   (no boots)
Stlth   +.........              (no amulet)
HPRegen 0.10/turn               (ring unavailable)
MPRegen 0.10/turn               (no ring)

@: very slightly contaminated, lightly drained
A: antennae 1, missing a hand
a: Renounce Religion, Draw Out Power


You were on level 2 of the Dungeon.
You worshipped Ru.
Ru was most pleased with you.
You visited 1 branch of the dungeon, and saw 2 of its levels.

You collected 153 gold pieces.

Inventory:

Armour
 a - a +0 robe (worn)
Scrolls
 b - 2 scrolls of identify
 c - a scroll of butterflies


   Skills:
 - Level 1.0 Fighting
 - Level 2.5 Dodging
 + Level 4.1 Unarmed Combat
 - Level 2.0 Spellcasting
 - Level 1.7 Transmutations


You had one spell level left.
You knew the following spells:

 Your Spells              Type           Power      Damage    Failure   Level
a - Beastly Appendage     Tmut           14%        N/A       10%         1
b - Wereblood             Tmut           7%         N/A       16%         2
c - Spider Form           Tmut/Pois      4%         N/A       41%         3

Your spell library contained the following spells:

 Spells                   Type           Power      Damage    Failure   Level
 Ice Form                 Ice/Tmut       4%         N/A       82%         4


Dungeon Overview and Level Annotations

Branches:
Dungeon (2/15)

Altars:
Ru

Shops:
D:2 (


Innate Abilities, Weirdness & Mutations

You have a pair of small antennae on your head.
You are missing a hand.


Message History

There is a stone staircase leading up here.
Okay, then.
An ogre is nearby!
An ogre is nearby!
An ogre is nearby!
Unknown command.
The ogre shouts!
Casting: Beastly Appendage (safe; 10% risk of failure)
Confirm with . or Enter, or press ? or * to list all spells.
The spell is extremely dangerous to miscast (41% risk of failure)!
Continue anyway?
You miscast Spider Form.
You are very lightly contaminated with residual magic.
Strange energies run through your body.
Unknown command.
You hit the ogre.
The ogre is lightly wounded.
The ogre is stunned by your conviction and fails to attack.
You barely miss the ogre.
The ogre is lightly wounded.
The ogre closely misses you.
You barely miss the ogre.
The ogre is lightly wounded.
You hit the ogre.
The ogre is moderately wounded.
The ogre barely misses you.
You hit the ogre but do no damage.
The ogre is moderately wounded.
The ogre misses you.
You closely miss the ogre.
The ogre is moderately wounded.
You punch the ogre!
The ogre is severely wounded.
The ogre hits you with a +0 giant club!!
Ouch! That really hurt!
* * * LOW HITPOINT WARNING * * *
You focus your inner power and blind the ogre in retribution!
You barely miss the ogre.
The ogre is heavily wounded.
The ogre hits you with a +0 giant club!
You die...

......#....÷....# #.........
.####.#.####)#### ####.........
.####...####.# ######............
<......###...# #.................
#........⌠.⌠.###########.........
..........∩.....#########....#.##
.....÷÷..⌠.⌠###....#......##.#.##
)....†.#.##...##.....######.....#
#......#.##.#...@###............#
#......#....#.#O#.#.#######..>..#
.####.....#.........)..#...##....#.
. #.....#.#..>....#....##....#.
..#####..............##....#. ###
###.#.......#...########.
#..>...........## #..<...


You could see an ogre (blind).

Vanquished Creatures
  3 adders (D:2)
  A dart slug (D:2)
  2 endoplasms (D:1)
  2 giant cockroaches
  4 goblins
  4 hobgoblins
  4 jackals (D:2)
  3 quokkas
  4 ball pythons
  2 bats (D:2)
  A frilled lizard (D:2)
  2 kobolds (D:2)
  5 rats
37 creatures vanquished.

Notes
Turn   | Place    | Note
-------+----------+-------------------------------------------
     0 | D:1      | ytrimaz the Demonspawn Transmuter began the quest for the
                  | Orb.
     0 | D:1      | Reached XP level 1. HP: 15/15 MP: 3/3
    38 | D:1      | Found a faded altar of an unknown god.
    47 | D:1      | Prayed at the altar of an unknown god.
    47 | D:1      | Became a worshipper of Ru the Awakened
    67 | D:1      | Gained mutation: You are missing a hand. [Ru sacrifice]
    67 | D:1      | Reached * piety under Ru
    67 | D:1      | Reached ** piety under Ru
    67 | D:1      | Reached *** piety under Ru
   185 | D:1      | Reached skill level 3 in Unarmed Combat
   364 | D:1      | Lost mutation: You have a pair of horns on your head.
                  | [demonic ancestry]
   364 | D:1      | Lost mutation: You have a pair of small horns on your head.
                  | [demonic ancestry]
   364 | D:1      | Gained mutation: You have a pair of small antennae on your
                  | head. [demonic ancestry]
   364 | D:1      | Reached XP level 2. HP: 14/21 MP: 3/5
   774 | D:1      | Learned a level 2 spell: Wereblood
  1100 | D:2      | Found Deczuk's Weapon Shoppe.
  1131 | D:2      | Reached XP level 3. HP: 23/26 MP: 3/6
  1642 | D:2      | Reached skill level 4 in Unarmed Combat
  1960 | D:2      | Reached XP level 4. HP: 28/31 MP: 5/7
  2013 | D:2      | Noticed an ogre
  2029 | D:1      | Learned a level 3 spell: Spider Form
  2121 | D:2      | Slain by an ogre

Illustrated notes

Levels and vault maps discovered:
D:1:      amcnicky_arrival_wind_blow, layout_rooms,
          shapermc_ecumenical_altar_venn
D:2:      layout_rooms, serial_shops, shop_fountains, st_stairs_4

Skill      XL: |  1  2  3 |
---------------+----------+-----
Unarmed Combat | 3 4 |  4.1
Dodging        | 2 |  2.5
Fighting       | |  1.0
Spellcasting   | |  2.0
Transmutations | |  1.7

Action                   |  1- 3 |  4- 6 || total
-------------------------+-------+-------++-------
Melee: Unarmed           |   106 |     8 ||   114
       Kick              |    13 |       ||    13
       Headbutt          |     2 |       ||     2
 Cast: Beastly Appendage |    19 |       ||    19
       Wereblood         |     2 |       ||     2
Invok: Sacrifice a Hand  |     1 |       ||     1
       Draw Out Power    |     1 |       ||     1
  Use: Scroll            |     4 |       ||     4
       Potion            |     1 |       ||     1
 Stab: Sleeping          |     1 |       ||     1
       Invisible         |     1 |       ||     1
Armor: Robe              |    22 |       ||    22
       Skin              |     5 |       ||     5
Dodge: Dodged            |    97 |     3 ||   100

Table legend: (Time is in decaauts)
 A = Elapsed time spent in this place.
 B = Non-inter-level travel time spent in this place.
 C = Inter-level travel time spent in this place.
 D = Time resting spent in this place.
 E = Time spent auto-exploring this place.
 F = Levels seen in this place.
 G = Mean time per level.
                   A        B        C        D        E       F      G
               +--------+--------+--------+--------+--------+-----+--------+
         Total |   2113 |   2080 |     33 |     44 |   1681 |   2 | 1056.5 |
       Dungeon |   2113 |   2080 |     33 |     44 |   1681 |   2 | 1056.5 |
               +--------+--------+--------+--------+--------+-----+--------+

Top non-repeatable levels by time:
     D:2: 1306 daAuts
     D:1: 807 daAuts
